 Dungeon Crawl Stone Soup version 0.30-a0-939-gc8157cb160 (webtiles) character file.

Game seed: 17044046100290356590

66 DeathPants the Caller (level 4, 0/23 HPs)
             Began as a Vine Stalker Summoner on Mar 25, 2023.
             Constricted to death by a ball python (1 damage)
             ... on level 3 of the Dungeon.
             The game lasted 00:06:27 (1891 turns).

DeathPants the Caller (Vine Stalker Summoner)       Turns: 1891, Time: 00:06:28

Health: 0/23       AC:  3    Str: 10    XL:     4   Next: 15%
Magic:  0/9        EV:  8    Int: 15    God:
Gold:   117        SH:  0    Dex: 17    Spells: 6/9 levels left

rFire   . . .      SeeInvis .    a - +0 dagger
rCold   . . .      Faith    .    (no shield)
rNeg    . . .      Spirit   +    f - +0 leather armour
rPois   .          Reflect  .    (no helmet)
rElec   .          Rampage  .    (no cloak)
rCorr   .                        (no gloves)
Will    .....                    (no boots)
Stlth   ++                       (no amulet)
HPRegen 1.03/turn                (no ring)
MPRegen 0.11/turn                (no ring)

@: lethally poisoned (0 -> -5), constricted
A: fangs 2, regeneration 1, magic shield, antimagic bite, no potion heal 2
a: no special abilities


You were on level 3 of the Dungeon.
You visited 1 branch of the dungeon, and saw 4 of its levels.

You collected 117 gold pieces.

Inventory:

Hand Weapons
 a - a +0 dagger (weapon)
Missiles
 c - 6 poisoned darts
Armour
 f - a +0 leather armour (worn)
Scrolls
 h - 2 scrolls of amnesia
 i - 4 scrolls of teleportation
Potions
 b - 2 potions of magic
 d - 2 potions of curing
 e - a potion of cancellation {unknown}
 g - a potion of might
 k - a potion of resistance


   Skills:
 + Level 1.7 Fighting
 - Level 1.5 Dodging
 - Level 2.4 Stealth
 + Level 3.0 Spellcasting
 + Level 4.5 Summonings


You had 6 spell levels left.
You knew the following spells:

 Your Spells              Type           Power      Damage    Failure   Level
a - Summon Small Mammal   Summ           64%        N/A       4%          1
b - Call Imp              Summ           16%        N/A       6%          2

Your spell library contained the following spells:

 Spells                   Type           Power      Damage    Failure   Level
 Call Canine Familiar     Summ           16%        N/A       12%         3
 Slow                     Hex            8%         N/A       26%         1
 Summon Guardian Golem    Hex/Summ       9%         N/A       32%         3
 Cigotuvi's Dreadful Rot  Necr/Pois/Air  4%         N/A       38%         2
 Poisonous Vapours        Pois/Air       4%         N/A       38%         2
 Confusing Touch          Hex            2%         N/A       63%         3
 Inner Flame              Hex/Fire       2%         N/A       63%         3
 Mephitic Cloud           Conj/Pois/Air  2%         N/A       63%         3
 Vampiric Draining        Necr           2%         2d6       63%         3
 Summon Lightning Spire   Summ/Air       9%         N/A       71%         4
 Flame Wave               Conj/Fire      2%         2d4       95%         4
 Sticky Flame             Conj/Fire      2%         2d3       95%         4


Dungeon Overview and Level Annotations

Branches:
Dungeon (4/15)
 Temple: D:4-7

Altars:
Dithmenos
Uskayaw

Shops:
D:1 [   D:2 :


Innate Abilities, Weirdness & Mutations

You have extremely sharp teeth.
Your natural rate of healing is unusually fast.
When hurt, damage is shared between your health and your magic reserves.
Your bite disrupts and absorbs the magic of your enemies.
Potions cannot restore your health.


Message History

You feel sick. The bat hits you but does no damage. The ball python bites you.
The ball python constricts you. The adder bites you but does no damage.
You hit the adder but do no damage.
The adder is severely wounded.
You feel sick. The bat barely misses you. The ball python barely misses you.
The ball python constricts you. The adder closely misses you.
The ball python bites you. The ball python constricts you.
You hit the adder. Your bite misses the adder.
The adder is severely wounded.
You feel sick. The bat closely misses you. The adder closely misses you.
The ball python bites you. The ball python constricts you.
The adder closely misses you.
You barely miss the adder. Your bite misses the adder.
The adder is severely wounded.
You feel sick. The bat barely misses you. The ball python bites you.
The ball python constricts you. The adder bites you.
You are more poisoned.
The adder poisons you!
You hit the adder. Your bite misses the adder.
The adder is almost dead.
You feel sick. The bat hits you but does no damage. The adder bites you.
The ball python misses you. The ball python constricts you.
You completely miss the adder.
The adder is almost dead.
You feel sick. The adder barely misses you. The ball python bites you.
* * * LOW HITPOINT WARNING * * *
The ball python constricts you. The bat hits you. The adder closely misses you.
Casting: Call Imp (safe; 6% risk of failure)
Press: ? - help, Q - select action, (/) - cycle Dir - look around, f - activate A beastly little devil appears in a puff of frigid air.
You feel sick. The bat hits you but does no damage. The ball python bites you.
* * * LOW HITPOINT WARNING * * *
The ball python constricts you.
* * * LOW HITPOINT WARNING * * *
The adder bites you.
* * * LOW HITPOINT WARNING * * *
You are more poisoned.
The adder poisons you! The ball python barely misses you.
The ball python constricts you.
You die... ## .#.### ....# #.#§#### . ..§§§. ~. #..§§# .PP #. #§§§.#.P.♣ #. #SS..b.♣ #. #@...# #. ####5##.# #. #....# #.##.##.# .PP

#.#..##..# ~~P
#####...####.#
~~. #......##
.## #.# ..
#.####.# ..#
#.# #.. #.#
#.# #.# ...


You could see an adder (ally target), a bat, a ball python and a friendly white
imp (summoned).

Vanquished Creatures
  An adder (D:3)
  2 dart slugs (D:1)
  A worm (D:2)
  2 bats (D:2)
  3 endoplasms
  A giant cockroach (D:2)
  2 goblins (D:1)
  2 hobgoblins
  2 quokkas
  5 ball pythons
  2 frilled lizards (D:1)
  A kobold (D:1)
  4 rats (D:1)
28 creatures vanquished.

Vanquished Creatures (collateral kills)
  2 adders
  An endoplasm (D:1)
  A kobold (D:1)
  A quokka (D:1)
5 creatures vanquished.

Vanquished Creatures (others)
  A butterfly (D:3)
1 creature vanquished.

Grand Total: 34 creatures vanquished

Notes
Turn   | Place    | Note
-------+----------+-------------------------------------------
     0 | D:1      | DeathPants the Vine Stalker Summoner began the quest for
                  | the Orb.
     0 | D:1      | Reached XP level 1. HP: 9/9 MP: 4/4
     3 | D:1      | Noticed an electric eel
     4 | D:1      | Noticed an electric eel
   340 | D:1      | Reached XP level 2. HP: 12/14 MP: 6/6
   359 | D:1      | Found Vael's Armour Boutique.
   431 | D:1      | Learned a level 2 spell: Call Imp
   489 | D:1      | Reached skill level 1 in Fighting
   746 | D:1      | Reached XP level 3. HP: 15/18 MP: 5/8
   995 | D:2      | Found a hide-covered altar of Uskayaw.
  1516 | D:2      | Found Kosuklud's Book Emporium.
  1576 | D:2      | Gained mutation: Your natural rate of healing is unusually
                  | fast. [Vine Stalker growth]
  1576 | D:2      | Reached XP level 4. HP: 17/22 MP: 6/9
  1872 | D:3      | Found a shadowy altar of Dithmenos.
  1891 | D:3      | HP: 1/23 [adder (2)]
  1891 | D:3      | Constricted to death by a ball python

Illustrated notes

Levels and vault maps discovered:
D:1:      arrival_aquarium_b, layout_loops_ring, serial_shops, shop
D:2:      layout_rooms, basic_altar, serial_shops, shop,
          kennysheep_generic_room_10
D:3:      layout_rooms, grunt_dithmenos_smoke, mainiacjoe_overflow_24_doors,
          nicolae_elyvilon_peaceful_grove, gammafunk_ghost_nasty_kobolds,
          serial_curves, eino_curves_04, eino_curves_01, serial_shops, shop
D:4:      layout_gridville, minmay_temple_entry_fiery, cheibrodos_gnoll_hut

Skill      XL: |  1  2  3 |
---------------+----------+-----
Fighting       | 1 |  1.7
Spellcasting   | 3 |  3.0
Dodging        | |  1.5
Stealth        | |  2.4
Summonings     | |  4.5

Action                     |  1- 3 |  4- 6 || total
---------------------------+-------+-------++-------
  Melee: Unarmed           |     5 |       ||     5
         Bite              |    27 |     3 ||    30
         Short sword       |    12 |       ||    12
         Dagger            |    96 |    16 ||   112
         Punch             |     1 |       ||     1
   Cast: Summon Small Mamm |    10 |       ||    10
         Call Imp          |     8 |     2 ||    10
    Use: Scroll            |       |     6 ||     6
   Stab: Sleeping          |     7 |       ||     7
 Armour: Leather armour    |    39 |    25 ||    64
  Dodge: Dodged            |    76 |    24 ||   100

Table legend: (Time is in decaauts)
 A = Elapsed time spent in this place.
 B = Non-inter-level travel time spent in this place.
 C = Inter-level travel time spent in this place.
 D = Time resting spent in this place.
 E = Time spent auto-exploring this place.
 F = Levels seen in this place.
 G = Mean time per level.
                   A        B        C        D        E       F      G
               +--------+--------+--------+--------+--------+-----+--------+
         Total |   1892 |   1858 |     34 |     72 |   1232 |   4 |  473.0 |
       Dungeon |   1892 |   1858 |     34 |     72 |   1232 |   4 |  473.0 |
               +--------+--------+--------+--------+--------+-----+--------+

Top non-repeatable levels by time:
     D:1: 978 daAuts
     D:2: 781 daAuts
     D:3: 131 daAuts
     D:4: 1 daAuts
